 Dungeon Crawl Stone Soup version 0.25-a0-435-g4b9beb1024 (webtiles) character file.

Game seed: 17383850000007791510, levelgen mode: deterministic

55575 Trig the Blocker (level 14, -4/95 HPs)
             Began as a Gargoyle Fighter on Jan 26, 2020.
             Was an Initiate of Gozag.
             Killed from afar by Azrael (21 damage)
             ... with a fireball
             ... on level 1 of the Spider Nest on Jan 27, 2020.
             The game lasted 02:16:12 (25341 turns).

Trig the Blocker (Gargoyle Fighter)                Turns: 25341, Time: 02:16:13

Health: -4/95      AC: 35    Str: 25    XL:     14   Next: 77%
Magic:  19/19      EV:  5    Int:  9    God:    Gozag
Gold:   4598       SH: 22    Dex:  9    Spells: 19/19 levels left

rFire    . . .     SeeInvis .   J - +4 whip (drain)
rCold    . . .     Gourm    .   P - +0 large shield
rNeg     + . .     Faith    .   W - +0 plate armour
rPois    ∞         Spirit   .   h - +0 helmet
rElec    +         Reflect  +   o - +0 cloak
rCorr    .         Harm     .   M - +2 pair of gloves
MR       ++...                  N - +0 pair of boots
Stlth    ..........             j - +2 amulet of reflection
HPRegen  0.25/turn              G - +2 ring of slaying
MPRegen  0.16/turn              l - ring of protection from magic

@: no status effects
A: big wings, negative energy resistance 1, electricity resistance, unbreathing,
petrification resistance, rot immunity, AC +10
a: Fly, Potion Petition, Call Merchant, Bribe Branch, Renounce Religion


You were on level 1 of the Spider Nest.
You worshipped Gozag.
Gozag was most pleased with you.
You were not hungry.

You visited 4 branches of the dungeon, and saw 19 of its levels.

You collected 5677 gold pieces.
You spent 1030 gold pieces at shops.
You paid 49 gold pieces to Gozag.

Inventory:

Hand Weapons
 g - a +2 mace of draining
   (You found it on level 1 of the Spider Nest)
 I - the +4 short sword of Esuy {venom, MR+}
   (You took it off Josephine on level 4 of the Lair of Beasts)

   It poisons the flesh of those it strikes.
   It affects your resistance to hostile enchantments.
 J - a +4 whip of draining (weapon)
   (You took it off a gnoll on level 6 of the Dungeon)
 V - the cursed +1 trident of Estud {vorpal, rPois, unknown}
   (You found it on level 3 of the Lair of Beasts)

   It inflicts extra damage upon your enemies.
   It protects you from poison.
   It has a curse placed upon it.
Armour
 h - a +0 helmet (worn)
   (You found it on level 1 of the Dungeon)
 o - a +0 cloak (worn)
   (You found it on level 1 of the Lair of Beasts)
 M - a +2 pair of gloves (worn)
   (You found it on level 8 of the Dungeon)
 N - a +0 pair of boots (worn)
   (You found it on level 9 of the Dungeon)
 P - a +0 large shield (worn)
   (You found it on level 5 of the Lair of Beasts)
 T - the +1 chain mail of Leaves {MR- Regen+ Str+3 Int+4}
   (You found it on level 2 of the Lair of Beasts)

   It affects your strength (+3).
   It affects your intelligence (+4).
   It affects your resistance to hostile enchantments.
   It increases your rate of regeneration.
   If you switch to wearing this armour, your AC will fall 3 points (35 -> 32)
 W - a +0 plate armour (worn)
   (You found it on level 2 of the Lair of Beasts)
Jewellery
 j - a +2 amulet of reflection (around neck)
   (You found it on level 1 of the Dungeon)
 l - a ring of protection from magic (right hand)
   (You bought it in a shop on level 4 of the Dungeon)
 u - an uncursed amulet of faith {unknown}
   (You found it on level 4 of the Dungeon)
 w - an uncursed amulet of regeneration {unknown}
   (You found it on level 1 of the Spider Nest)
 G - a +2 ring of slaying (left hand)
   (You found it on level 6 of the Dungeon)
 L - an uncursed amulet of the gourmand {unknown}
   (You found it on level 8 of the Dungeon)
Wands
 a - a wand of polymorph (12)
   (You found it on level 10 of the Dungeon)
 c - a wand of clouds (5)
   (You found it on level 5 of the Lair of Beasts)
 d - a wand of iceblast (7)
   (You found it on level 3 of the Dungeon)
 t - a wand of flame (48)
   (You took it off a big kobold on level 9 of the Dungeon)
 x - a wand of acid (9)
   (You found it on level 10 of the Dungeon)
Scrolls
 b - 2 scrolls of immolation {!r}
 n - 5 scrolls of remove curse {@r2}
 q - 6 scrolls of fear
 s - a scroll of magic mapping {unknown}
 y - a scroll of blinking
 z - 3 scrolls of enchant armour
 B - 2 scrolls of enchant weapon
 C - 11 scrolls of teleportation {@r4}
 E - a scroll of summoning
 K - a scroll of identify {@r1}
 R - 8 scrolls of fog
 S - 2 scrolls of vulnerability {!r}
Potions
 f - 3 potions of agility
 m - 3 potions of flight
 p - 2 potions of cancellation
 r - 8 potions of curing {@q1}
 A - 2 potions of ambrosia {unknown}
 D - a potion of berserk rage {unknown}
 F - 8 potions of brilliance
 H - a potion of resistance
 O - a potion of heal wounds {@q2}
 Q - a potion of mutation {!q}
 U - 2 potions of invisibility
 Y - a potion of haste {unknown}
 Z - a potion of lignification {!q}
Comestibles
 e - 20 rations {!d}


   Skills:
 + Level 13.6 Fighting
 + Level 12.4 Maces & Flails
 + Level 13.6 Armour
 - Level 5.0 Stealth
 + Level 13.7 Shields
 + Level 3.4 Spellcasting


You had 19 spell levels left.
You didn't know any spells.
Your spell library contained the following spells:

 Spells                   Type           Power        Failure   Level  Hunger
 Magic Dart               Conj           #...         100%        1    #......
 Shock                    Conj/Air       #...         100%        1    #......
 Summon Small Mammal      Summ           #...         100%        1    #......
 Blink                    Tloc           N/A          100%        2    ###....
 Call Imp                 Summ           #.......     100%        2    ###....
 Poisonous Vapours        Pois/Air       #.....       100%        2    ###....
 Slow                     Hex            #.......     100%        2    ###....
 Swiftness                Chrm/Air       #.......     100%        2    ###....
 Call Canine Familiar     Summ           #.......     100%        3    ###....
 Conjure Flame            Conj/Fire      #.......     100%        3    ###....
 Mephitic Cloud           Conj/Pois/Air  #.......     100%        3    ###....
 Static Discharge         Conj/Air       #.......     100%        3    ###....
 Summon Guardian Golem    Hex/Summ       #.......     100%        3    ###....
 Airstrike                Air            #.........   100%        4    #####..
 Summon Ice Beast         Ice/Summ       #.......     100%        4    #####..
 Summon Lightning Spire   Summ/Air       #.......     100%        4    #####..
 Lightning Bolt           Conj/Air       #.........   100%        5    ######.
 Freezing Cloud           Conj/Ice/Air   #.........   100%        6    #######
 Ring of Flames           Chrm/Fire      #.........   100%        7    #######


Dungeon Overview and Level Annotations

Branches:
Dungeon (11/15)            Temple (1/1) D:7            Lair (6/6) D:9
 Shoals (0/4) Lair:4       Spider (1/4) Lair:4        Slime (0/5) Lair:5
    Orc (0/2) D:10

Altars:
Ashenzari
Cheibriados
Dithmenos
Elyvilon
Fedhas
Gozag
Hepliaklqana
Kikubaaqudgha
Makhleb
Nemelex Xobeh
Okawaru
Qazlal
Ru
Sif Muna
Trog
Uskayaw
Vehumet
Wu Jian
Xom
Yredelemnul
Zin
The Shining One
Jiyva

Shops:
D:4 =?%   D:9 (   D:10 *

Annotations:
Lair:4 exclusion: oklob plant
Lair:5 1 runed translucent door, exclusion: oklob plant
Spider:1 Azrael


Innate Abilities, Weirdness & Mutations

You are resistant to torment.
Your stone body is resilient. (AC +10)
You are immune to poison.
Your large and strong wings let you fly indefinitely.
You resist negative energy. (rN+)
You are resistant to electric shocks. (rElec)
You can survive without breathing.
You are immune to petrification.
You are immune to rotting.


Message History

The hell hound breathes flames at you.
The blast of flame hits you but does no damage.
You hit the hell hound.
The hell hound becomes distracted by your gold, dreaming of imaginary riches.
You hit the hell hound but do no damage.
The hell hound is no longer distracted by gold.
You block the hell hound's attack.
You hit the hell hound. You whack the hell hound!
You block the hell hound's attack.
You whack the hell hound!
You kill the hell hound!
The fire elemental hits you.
You closely miss the fire elemental. You hit the fire elemental.
You block the fire elemental's attack.
You whack the fire elemental! You block the fire elemental's attack.
You barely miss the fire elemental. You block the fire elemental's attack.
You closely miss the fire elemental. You block the fire elemental's attack.
You barely miss the fire elemental.
You hit the fire elemental but do no damage.
You block the fire elemental's attack.
You closely miss the fire elemental. You block the fire elemental's attack.
You hit the fire elemental. You hit the fire elemental.
The fire elemental hits you. The fire elemental burns you!
Your shield and plate armour prevent you from hitting the fire elemental.
You block the fire elemental's attack.
You whack the fire elemental!
You destroy the fire elemental!
No target in view!
You now have 4592 gold pieces (gained 10).
You now have 4598 gold pieces (gained 6).
You start resting.
The floor.
Azrael says, "May a porcupine live in your trousers for a thousand days and die there for a thousand and one."
Azrael gestures at you. The sticky flame hits you!
You are covered in liquid flames!
You are covered in liquid flames!
You are covered in liquid flames!
Azrael gestures at you.
The sphere of damnation explodes!
The damnation engulfs you!!
You are covered in liquid flames!
* * * LOW HITPOINT WARNING * * *
Azrael gestures at you. The bolt of fire hits you!!
* * * LOW HITPOINT WARNING * * *
Azrael gestures at you.
The fireball explodes!
The fireball engulfs you!!
You die...
Your body crumbles into a pile of gold.

###### #.##.# ####....#
#.......# ##.^.####
###^.# ##.?@######
##.#..###..#
#..........#
####.##..#.####
#..#.#.....#..#
##...##.#....##########
#.#R.##...#..#.^.......
##..☼.....#....#######.
##^^##☼.##.##..#####...☼


You could see Azrael.

Vanquished Creatures
  A ghost moth (Lair:4)
  An entropy weaver (Spider:1)
  2 spark wasps
  Snorg (Lair:4)
  Josephine (Lair:4)
  4 hydras
  Erica (D:8)
  A catoblepas (Lair:5)
  A death yak (Lair:5)
  Urug (Lair:4)
  Nergalle (D:10)
  A skeletal warrior (D:7)
  An unseen horror (D:10)
  10 orb spiders (Spider:1)
  8 wolf spiders (Spider:1)
  A gargoyle (D:11)
  3 rime drakes
  12 spiny frogs
  4 demonic crawlers
  4 komodo dragons
  9 jumping spiders (Spider:1)
  A troll (D:10)
  A polar bear (Lair:5)
  4 hippogriffs
  4 hornets (Spider:1)
  11 blink frogs
  Prince Ribbit (D:6)
  A wyvern (Lair:5)
  A vampire (D:10)
  4 wraiths (Spider:1)
  8 redbacks (Spider:1)
  10 tarantellas (Spider:1)
  43 yaks
  Grum (Lair:1)
  2 fire elementals (Spider:1)
  4 basilisks
  3 vampire mosquitoes (D:6)
  Menkaure (D:6)
  5 hungry ghosts
  6 hell hounds
  9 porcupines
  11 water moccasins
  6 orc warriors
  8 ice beasts
  4 sky beasts
  A black bear (Lair:1)
  A necrophage (D:9)
  7 wolves
  2 phantoms (D:8)
  4 ogres
  A centaur (D:8)
  15 crocodiles
  3 big kobolds
  14 bullfrogs
  2 gnoll sergeants
  A water moccasin zombie (D:11)
  8 scorpions
  4 wights
  15 killer bees
  4 jellies
  2 howler monkeys
  2 electric eels (Lair:5)
  2 crimson imps
  A hound (D:7)
  A quasit (D:9)
  2 bullfrog zombies
  A bullfrog skeleton (D:8)
  9 orc priests
  A centaur skeleton (D:7)
  7 orc wizards
  8 iguanas
  17 worker ants
  A hound zombie (D:5)
  A hound skeleton (D:8)
  2 worker ant zombies
  11 adders
  8 gnolls
  A shadow imp (D:5)
  A white imp (Lair:6)
  2 oozes
  An adder skeleton (D:7)
  4 worms
  A dart slug (D:2)
  10 leopard geckos
  56 orcs
  5 giant cockroaches
  4 goblins
  2 hobgoblins
  5 jackals
  15 kobolds
  5 quokkas
  A ball python (D:5)
  5 bats
  9 frilled lizards
  A leopard gecko zombie (D:7)
  8 rats
  4 plants (Lair:4)
515 creatures vanquished.

Vanquished Creatures (others)
  Joseph (D:8)
  An ice beast (D:8)
  2 centaurs
  An orc (D:7)
  8 fungi
  6 plants
  12 toadstools (Lair:4)
31 creatures vanquished.

Grand Total: 546 creatures vanquished

Notes
Turn   | Place    | Note
-------+----------+-------------------------------------------
     0 | D:1      | Trig the Gargoyle Fighter began the quest for the Orb.
     0 | D:1      | Reached XP level 1. HP: 14/14 MP: 1/1
    76 | D:1      | Reached XP level 2. HP: 19/19 MP: 2/2
   586 | D:2      | Found an ornate altar of the Wu Jian Council.
   596 | D:2      | Reached XP level 3. HP: 20/23 MP: 3/3
   871 | D:2      | Reached XP level 4. HP: 29/29 MP: 4/4
  1051 | D:3      | Found an opulent altar of Gozag.
  1132 | D:3      | Became a worshipper of Gozag Ym Sagoz the Greedy
  1236 | D:3      | Reached XP level 5. HP: 29/33 MP: 5/5
  1253 | D:3      | Noticed an orc warrior
  1345 | D:2      | HP: 1/33 [orc warrior/+0 trident (16)]
  1349 | D:2      | Killed an orc warrior
  1349 | D:2      | Reached XP level 6. HP: 1/39 MP: 6/6
  2326 | D:3      | Reached skill level 5 in Fighting
  2326 | D:3      | Reached skill level 5 in Shields
  2520 | D:4      | Got a sheer robe
  2534 | D:4      | Reached skill level 5 in Armour
  2534 | D:4      | Reached XP level 7. HP: 38/44 MP: 7/7
  2866 | D:4      | Found Enlieb's Magic Scroll Boutique.
  2887 | D:4      | Bought a scroll of random uselessness for 14 gold pieces
  2887 | D:4      | Bought a scroll of identify for 28 gold pieces
  2887 | D:4      | Bought a scroll of identify for 28 gold pieces
  2887 | D:4      | Bought a scroll of blinking for 105 gold pieces
  2887 | D:4      | Bought a scroll of enchant armour for 105 gold pieces
  2894 | D:4      | Got a smoking robe
  2974 | D:4      | Bought a scroll of remove curse for 42 gold pieces
  3046 | D:4      | Found Penlimoj's Jewellery Shop.
  3096 | D:4      | Found Jivvules's Food Shoppe.
  3245 | D:5      | Entered Level 5 of the Dungeon
  3829 | D:5      | Found a glowing golden altar of the Shining One.
  4188 | D:5      | Reached XP level 8. HP: 49/51 MP: 8/8
  4475 | D:5      | Reached skill level 5 in Maces & Flails
  4606 | D:5      | Found a radiant altar of Vehumet.
  4874 | D:4      | Bought an uncursed ring of protection from magic for 300
                  | gold pieces
  4917 | D:4      | Bought a ration for 50 gold pieces
  4917 | D:4      | Bought a ration for 50 gold pieces
  5037 | D:6      | Noticed Prince Ribbit
  5067 | D:6      | Killed Prince Ribbit
  5170 | D:6      | Noticed Menkaure
  5675 | D:6      | Reached XP level 9. HP: 46/56 MP: 9/9
  5854 | D:6      | Killed Menkaure
  8117 | D:7      | Reached XP level 10. HP: 32/64 MP: 10/10
  8302 | D:7      | Found a stormy altar of Qazlal.
  8718 | D:7      | Found a staircase to the Ecumenical Temple.
  8797 | D:7      | Found a shimmering blue altar of Sif Muna.
  9071 | Temple   | Entered the Ecumenical Temple
  9478 | D:8      | Found a white marble altar of Elyvilon.
  9582 | D:7      | Found a burning altar of Makhleb.
  9582 | D:7      | Found an iron altar of Okawaru.
  9779 | D:8      | Noticed Joseph
  9798 | D:8      | Killed Joseph
  9819 | D:8      | Found a shadowy altar of Dithmenos.
 10285 | D:8      | Noticed Erica
 10324 | D:8      | Killed Erica
 10324 | D:8      | Reached skill level 1 in Stealth
 10983 | D:8      | Reached XP level 11. HP: 44/71 MP: 11/11
 11320 | D:9      | Found Xiosea's Weapon Boutique.
 11327 | D:9      | Found a staircase to the Lair.
 11973 | D:9      | Found a snail-covered altar of Cheibriados.
 11973 | D:9      | Found a blossoming altar of Fedhas.
 12051 | Lair:1   | Entered Level 1 of the Lair of Beasts
 12096 | D:10     | Entered Level 10 of the Dungeon
 12592 | D:10     | Found a staircase to the Orcish Mines.
 12737 | D:10     | Found Xituc's Assorted Antiques.
 12740 | D:10     | Bought a scroll of fear for 98 gold pieces
 12745 | D:10     | Bought a scroll of enchant weapon for 210 gold pieces
 13058 | D:10     | Found a sacrificial altar of Ru.
 13160 | D:10     | Killed an unseen horror
 13160 | D:10     | Reached skill level 10 in Shields
 13381 | D:10     | Reached skill level 10 in Fighting
 13526 | D:10     | Reached skill level 10 in Armour
 13716 | D:11     | Noticed Nergalle
 13764 | D:10     | Noticed a spectral orc warlord
 13765 | D:10     | Killed Nergalle
 14250 | D:11     | Noticed a skeletal warrior
 14252 | D:11     | Noticed a skeletal warrior
 14252 | D:11     | Noticed a skeletal warrior
 14909 | D:7      | Killed a skeletal warrior
 15420 | Lair:1   | Noticed Grum
 15487 | Lair:1   | Killed Grum
 15487 | Lair:1   | Reached XP level 12. HP: 73/79 MP: 12/12
 16029 | Lair:2   | Got a steaming chain mail
 16047 | Lair:2   | Noticed a four-headed hydra
 16101 | Lair:2   | Killed a four-headed hydra
 16136 | Lair:2   | Reached skill level 10 in Maces & Flails
 17168 | Lair:2   | Identified the +1 chain mail of Leaves {MR- Regen+ Str+3
                  | Int+4} (You found it on level 2 of the Lair of Beasts)
 17666 | Lair:3   | Noticed an eight-headed hydra
 17786 | Lair:3   | Killed an eight-headed hydra
 17951 | Lair:3   | Got a crude trident
 18635 | Lair:4   | Noticed Snorg
 18954 | Lair:3   | Reached XP level 13. HP: 70/85 MP: 13/13
 19325 | Lair:4   | Found a staircase to the Shoals.
 19412 | Lair:4   | Found a hole to the Spider Nest.
 19548 | Lair:4   | Killed Snorg
 19829 | Lair:4   | Found a blossoming altar of Fedhas.
 20697 | Lair:5   | Found a runed translucent door.
 20703 | Lair:5   | Found an ancient bone altar of Kikubaaqudgha.
 20706 | Lair:5   | Found a viscous altar of Jiyva.
 20706 | Lair:5   | Noticed an acid blob
 20708 | Lair:5   | Found a staircase to the Slime Pits.
 20708 | Lair:5   | Noticed an acid blob
 21249 | Lair:5   | Noticed Urug
 21396 | Lair:4   | Killed Urug
 21668 | Lair:6   | Entered Level 6 of the Lair of Beasts
 22586 | Lair:6   | Noticed an ice dragon
 22897 | Spider:1 | Entered Level 1 of the Spider Nest
 22984 | Lair:4   | Killed a ghost moth
 23261 | Spider:1 | Gained mutation: Your large and strong wings let you fly
                  | indefinitely. [Gargoyle growth]
 23261 | Spider:1 | Reached XP level 14. HP: 94/94 MP: 14/14
 23536 | Spider:1 | Reached skill level 1 in Spellcasting
 23734 | Spider:1 | Identified the +4 short sword of Esuy {venom, MR+}
 23734 | Spider:1 | Noticed Josephine
 24043 | Lair:4   | Killed Josephine
 24411 | Spider:1 | Reached skill level 5 in Stealth
 24737 | Spider:1 | Noticed an entropy weaver
 24795 | Spider:1 | Killed an entropy weaver
 24966 | Spider:1 | Noticed Azrael
 25341 | Spider:1 | Killed from afar by Azrael

Levels and vault maps discovered:
D:1:      lightli_arrival_isolated_outpost, layout_rooms, columned_hall_lemuel,
          lemuel_old_faithful
D:2:      layout_rooms, lemuel_doored_altar, first_ration
D:3:      layout_rooms, nicolae_gozag_seed_capital
D:4:      layout_cave_pools, serial_shops, kennysheep_mini_moat,
          kennysheep_little_box, shop_scrolls
D:5:      layout_loops_ring, overflow_temple_1_default,
          lemuel_coloured_pillars_altar, minmay_quadrilaterals
D:6:      layout_loops_cross, st_stairs_12, minmay_fractal_squares_diagonal_5,
          uniq_menkaure, uniq_prince_ribbit1
D:7:      layout_cave_pools, nicolae_overflow_hidden_temple,
          nicolae_qazlal_style_of_elements, kennysheep_mini,
          minmay_temple_entry_hall
D:8:      minmay_polygon_palace, layout_basic, elyvilon_altar_5,
          nicolae_dithmenos_shadow_blocks, uniq_erica, uniq_joseph
D:9:      layout_cave_pods, gammafunk_temple_overflow_wave, lair_entry_dummy,
          serial_shops, shop, blue_anna_alchemist [blue_anna_fruit_fields,
          blue_anna_fruit_fields]
D:10:     layout_small_grid, hiddenorc1_lemuel, serial_shops,
          nicolae_shop_stone, chequers_mini_garden, nicolae_ru_awakened_eye
D:11:     layout_long_grid, grunt_decor_mini_mirrors, uniq_nergalle
Temple:   minmay_temple_forest_path
Lair:1:   layout_long_grid, uniq_grum
Lair:2:   beast_lair_carwin_large_2, layout_cave_pods,
          portal_ice_cave_entry_pillars_1, st_stairs_11
Lair:3:   layout_regular_city
Lair:4:   layout_hall_layers, shoals_dummy_entry,
          nicolae_spider_entry_non_spiders, tgw_fedhas, uniq_snorg
Lair:5:   layout_regular_city, slime_altar_2, small_statue_intersection,
          lemuel_oklob_altar, serial_bayou_shore_a, grunt_megastairs_2,
          infiniplex_staircase_pool, uniq_urug
Lair:6:   due_jungle_book, layout_concentric_octagons,
          chequers_serial_rivers_micro_d, ice2_lemuel
Spider:1: cheibrodos_forgotten_conduit, drop_trap, uniq_azrael, uniq_josephine

Skill      XL: |  1  2  3  4  5  6  7  8  9 10 11 12 13 14 |
---------------+-------------------------------------------+-----
Shields        | 4 5 7 8 9 10 12 13 | 13.7
Fighting       | 4 5 6 8 9 10 11 13 | 13.6
Maces & Flails | 3 4 5 7 8 9 10 11 12 | 12.4
Armour         | 4 5 6 8 9 10 11 13 | 13.6
Stealth        | 2 3 5 |  5.0
Spellcasting   | 3 |  3.4

Action                   |  1- 3 |  4- 6 |  7- 9 | 10-12 | 13-15 || total
-------------------------+-------+-------+-------+-------+-------++-------
Melee: Flail             |   127 |   232 |   423 |       |       ||   782
       Whip              |       |       |   134 |  1455 |  1516 ||  3105
Invok: Potion Petition   |       |     1 |       |       |       ||     1
Evoke: Wand              |       |     1 |       |       |       ||     1
  Use: Scroll            |       |     1 |     8 |     8 |    11 ||    28
       Potion            |       |     3 |     2 |     2 |     6 ||    13
 Stab: Distracted        |       |       |       |     3 |     5 ||     8
       Sleeping          |       |       |       |     1 |       ||     1
  Eat: Chunk             |       |     2 |       |       |       ||     2
       Ration            |       |     1 |     6 |    14 |     6 ||    27
Armor: Scale mail        |    51 |    76 |       |       |       ||   127
       Leather armour    |       |    35 |   178 |   211 |       ||   424
       Plate armour      |       |       |       |   326 |   585 ||   911
Dodge: Dodged            |    35 |    68 |   149 |   268 |   157 ||   677
Block: Shield            |    65 |   194 |   351 |   811 |   180 ||  1601
       Reflection        |       |     2 |    12 |    26 |     2 ||    42
       Large shield      |       |       |       |       |   896 ||   896

Table legend:
 A = Non-vault XP
 B = Vault XP
 C = Vault XP percentage of total XP
 D = Non-vault monster count
 E = Vault monster count
 F = Vault count percentage of total count
                 A         B        C        D         E       F
            +---------+---------+-------+---------+---------+-------
      Total |   59441 |   19952 |  25.1 |     407 |     109 |  21.1
            +---------+---------+-------+---------+---------+-------
        D:1 |      24 |       0 |   0.0 |      12 |       0 |   0.0
        D:2 |     296 |       0 |   0.0 |      33 |       0 |   0.0
        D:3 |     301 |       0 |   0.0 |      27 |       0 |   0.0
        D:4 |      99 |       0 |   0.0 |       9 |       0 |   0.0
        D:5 |    1012 |      79 |   7.2 |      23 |       5 |  17.9
        D:6 |    1714 |     609 |  26.2 |      27 |       7 |  20.6
        D:7 |    2222 |      46 |   2.0 |      34 |       1 |   2.9
        D:8 |    1442 |    2277 |  61.2 |      23 |      15 |  39.5
        D:9 |    1034 |     124 |  10.7 |      16 |       9 |  36.0
       D:10 |    2826 |     995 |  26.0 |      25 |      10 |  28.6
       D:11 |    1010 |       0 |   0.0 |      14 |       0 |   0.0
     Lair:1 |    2859 |     659 |  18.7 |      14 |       5 |  26.3
     Lair:2 |    5057 |    1979 |  28.1 |      20 |       9 |  31.0
     Lair:3 |    5814 |      81 |   1.4 |      22 |       3 |  12.0
     Lair:4 |    4569 |    5823 |  56.0 |      15 |      16 |  51.6
     Lair:5 |    7414 |    1367 |  15.6 |      31 |       7 |  18.4
     Lair:6 |    3740 |     396 |   9.6 |      16 |       4 |  20.0
   Spider:1 |   18008 |    5517 |  23.5 |      46 |      18 |  28.1
            +---------+---------+-------+---------+---------+-------
